 Dungeon Crawl Stone Soup version 0.24-a0-307-gf989941 (webtiles) character file.

Game seed: 12484113134347373466

12 Espgualade the Chiller (level 2, 0/15 HPs)
             Began as a Tengu Ice Elementalist on May 12, 2019.
             Killed from afar by a dart slug (7 damage)
             ... with a slug dart
             ... on level 1 of the Dungeon.
             The game lasted 00:01:08 (239 turns).

Espgualade the Chiller (Tengu Ice Elementalist)      Turns: 239, Time: 00:01:08

Health: 0/15       AC:  2    Str:  8    XL:     2   Next: 33%
Magic:  4/6        EV: 12    Int: 15    God:
Gold:   26         SH:  0    Dex: 14    Spells: 4/5 levels left

rFire    . . .     SeeInvis .   (no weapon)
rCold    . . .     Gourm    .   (no shield)
rNeg     . . .     Faith    .   a - +0 robe
rPois    .         Spirit   .   (helmet restricted)
rElec    .         Reflect  .   (no cloak)
rCorr    .         Harm     .   (no gloves)
MR       .....                  (boots unavailable)
Stlth    ++........             (no amulet)
HPRegen  0.05/turn              (no ring)
MPRegen  0.10/turn              (no ring)

@: no status effects
A: beak, talons 3
a: no special abilities


You were on level 1 of the Dungeon.
You were not hungry.

You visited 1 branch of the dungeon, and saw 1 of its levels.

You collected 26 gold pieces.

Inventory:

Armour
 a - a +0 robe (worn)
Scrolls
 b - a scroll of fog {unknown}
Comestibles
 c - 3 rations


   Skills:
 - Level 2.1 Dodging
 - Level 2.0 Stealth
 - Level 2.0 Spellcasting
   Level 1.3 Conjurations
 + Level 3.3 Ice Magic


You had 4 spell levels left.
You knew the following spells:

 Your Spells              Type           Power        Failure   Level  Hunger
a - Freeze                Ice            ##..         5%          1    #......

Your spell library contained the following spells:

 Spells                   Type           Power        Failure   Level  Hunger
 Throw Frost              Conj/Ice       #.....       13%         2    ###....
 Ozocubu's Armour         Chrm/Ice       #.......     32%         3    ###....
 Throw Icicle             Conj/Ice       #.......     63%         4    #####..
 Summon Ice Beast         Ice/Summ       #.......     73%         4    #####..


Dungeon Overview and Level Annotations

Branches:
Dungeon (1/15)

Altars:


Innate Abilities, Weirdness & Mutations

You have a beak for a mouth.
You have claws for feet.


Message History

The slug dart misses you.
Casting: Freeze (safe; 5% risk of failure)
Confirm with . or Enter, or press ? or * to list all spells.
Aiming: Freeze (safe; 5% risk of failure)
Press: ? - help, Shift-Dir - straight line, f - dart slug
Aim: a dart slug (clinging)
You freeze the dart slug.
The dart slug is moderately wounded.
The dart slug bites you.
Casting: Freeze (safe; 5% risk of failure)
Confirm with . or Enter, or press ? or * to list all spells.
Aiming: Freeze (safe; 5% risk of failure)
Press: ? - help, Shift-Dir - straight line, f/p - dart slug
Aim: a dart slug (moderately wounded, clinging)
You freeze the dart slug.
The dart slug is almost dead.
The bat hits you. The dart slug launches a dart at you. The slug dart hits you!
You die...

#.'.)............
#.#..............
##########.###............
.............###.........#
...........#.# ###.....###
...........+.###.........#
..)........###............
.......††.w#.......≈≈≈....
.........@.#.....≈≈≈≈≈≈≈..
.......b...#....≈≈≈≈≈≈≈≈≈.
#####......###############
................. ...
...#######.###########.#
.........................##.#
...........####...######..#.##
#......##.####...######.....##
+......#..#......'...........#


You could see a dart slug and a bat.

Vanquished Creatures
  4 hobgoblins (D:1)
  A kobold (D:1)
  2 frilled lizards (D:1)
  3 goblins (D:1)
  A rat (D:1)
11 creatures vanquished.

Notes
Turn   | Place    | Note
-------+----------+-------------------------------------------
     0 | D:1      | Espgualade the Tengu Ice Elementalist began the quest for
                  | the Orb.
     0 | D:1      | Reached XP level 1. HP: 10/10 MP: 4/4
    67 | D:1      | Reached skill level 3 in Ice Magic
   156 | D:1      | Reached XP level 2. HP: 15/15 MP: 4/6
   239 | D:1      | Killed from afar by a dart slug

Levels and vault maps discovered:
D:1:      nzn_arrival_depleted_hourglass, layout_basic, st_stairs_9

Skill      XL: |  1 |
---------------+----+-----
Ice Magic      | 3 |  3.3
Dodging        | |  2.1
Stealth        | |  2.0
Spellcasting   | |  2.0
Conjurations   | |  1.3

Action                   || total
-------------------------++-------
Melee: Unarmed           ||    13
       Peck              ||     2
       Kick              ||     4
 Cast: Freeze            ||    13
Armor: Robe              ||     2
Dodge: Dodged            ||    16

Table legend:
 A = Non-vault XP
 B = Vault XP
 C = Vault XP percentage of total XP
 D = Non-vault monster count
 E = Vault monster count
 F = Vault count percentage of total count
                 A         B        C        D         E       F
            +---------+---------+-------+---------+---------+-------
      Total |      15 |       3 |  16.7 |       9 |       2 |  18.2
            +---------+---------+-------+---------+---------+-------
        D:1 |      15 |       3 |  16.7 |       9 |       2 |  18.2
            +---------+---------+-------+---------+---------+-------
